Map: Babylon LE

Players

lllIlllIllIl - Winner!

  • Race: Protoss Protoss
  • League: Grandmaster
  • Spawn Location: 11:00

EStoryteller

  • Race: Zerg Zerg
  • League: Grandmaster
  • Spawn Location: 5:00

VOD

Have the link to the VOD?

Description

Time

  • Played on: Jan. 25, 2023, 8:44 a.m.
  • Length: 9:52
Show
View Real Time Build Order
Export as new Build Order

lllIlllIllIl Protoss - Winner!

Build Orders: 1 Gate Expand, Oracle Opening 

Get SALT Encoding   

  12  0:02  Probe  
  14  0:14  Probe  
  14  0:21  Pylon  
  14  0:26  Probe  
  15  0:39  Probe (Chrono Boost)  
  15  0:41  Gateway  
  16  0:48  Probe (Chrono Boost)  
  17  0:50  Assimilator  
  17  0:53  Probe  
  18  1:05  Probe  
  19  1:17  Probe  
  20  1:27  Nexus  
  20  1:37  Cybernetics Core  
  20  1:41  Probe  
  20  1:45  Assimilator  
  21  1:53  Probe  
  22  1:54  Pylon  
  22  2:05  Probe  
  23  2:10  Adept (Chrono Boost)  
  23  2:13  Warp Gate  
  25  2:17  Probe  
  27  2:30  Adept (Chrono Boost), Probe (Chrono Boost)  
  29  2:39  Probe (Chrono Boost)  
  29  2:40  Stargate  
  31  2:47  Probe (Chrono Boost)  
  31  2:49  Probe (Chrono Boost)  
  32  2:53  Stalker  
  32  2:54  Probe x2 (Chrono Boost)  
  36  3:05  Probe  
  36  3:06  Probe  
  38  3:12  Pylon  
  38  3:17  Probe  
  38  3:18  Probe  
  38  3:22  Oracle (Chrono Boost)  
  38  3:25  Gateway  
  41  3:30  Probe x2  
  43  3:35  Adept  
  45  3:42  Probe x2, Pylon  
  47  3:49  Oracle (Chrono Boost)  
  47  3:54  Probe x2  
  52  4:02  Nexus  
  52  4:06  Probe  
  52  4:07  Pylon  
  53  4:10  Probe  
  54  4:18  Probe  
  54  4:22  Probe  
  56  4:28  Assimilator  
  56  4:29  Assimilator  
  56  4:30  Probe, Twilight Council  
  57  4:34  Probe  
  57  4:35  Forge  
  58  4:42  Probe (Chrono Boost)  
  59  4:46  Probe (Chrono Boost)  
  56  4:54  Stalker, Sentry, Probe (Chrono Boost)  
  56  4:58  Probe (Chrono Boost)  
  62  5:01  Gateway, Probe (Chrono Boost)  
  62  5:02  Probe (Chrono Boost)  
  62  5:03  Gateway  
  62  5:06  Gateway  
  64  5:08  Probe, Protoss Ground Weapons Level 1  
  64  5:10  Gateway, Blink (Chrono Boost)  
  65  5:14  Shield Battery  
  65  5:18  Probe (Chrono Boost)  
  65  5:19  Probe (Chrono Boost)  
  68  5:26  Probe (Chrono Boost)  
  70  5:30  Probe (Chrono Boost)  
  70  5:31  Probe (Chrono Boost)  
  70  5:34  Probe (Chrono Boost)  
  70  5:35  Probe (Chrono Boost)  
  71  5:36  Stalker x2  
  71  5:39  Pylon  
  71  5:40  Probe  
  77  5:45  Probe  
  77  5:46  Probe  
  79  5:51  Pylon  
  79  5:54  Photon Cannon  
  80  5:57  Pylon  
  80  6:00  Stalker x2, Shield Battery  
  80  6:01  Stalker, Sentry  
  80  6:04  Stalker  
  89  6:07  Probe x2  
  91  6:17  Sentry  
  93  6:27  Stalker x5  
  93  6:32  Gateway  
  103  6:34  Gateway  
  103  6:35  Pylon  
  103  6:36  Pylon  
  103  6:40  Nexus  
  103  6:42  Stalker  
  105  6:53  Stalker x4  
  113  6:58  Probe  
  113  7:00  Charge (Chrono Boost)  
  114  7:01  Protoss Ground Weapons Level 2 (Chrono Boost)  
  106  7:08  Probe  
  106  7:12  Stalker x2  
  106  7:13  Probe  
  106  7:14  Probe  
  106  7:15  Photon Cannon  
  111  7:17  Assimilator, Shield Battery  
  111  7:18  Assimilator  
  111  7:20  Probe  
  112  7:25  Probe  
  112  7:26  Probe  
  112  7:29  Stalker x2  
  118  7:30  Stalker  
  118  7:33  Probe  
  118  7:38  Probe  
  118  7:42  Probe  
  118  7:43  Stalker x2  
  124  7:47  Pylon  
  124  7:49  Pylon  
  124  7:55  Probe, Pylon  
  124  7:56  Probe  
  123  7:58  Probe  
  123  8:02  Templar Archives  
  124  8:06  Stalker x4  
  124  8:07  Probe  
  133  8:20  Zealot x4  
  133  8:21  Gateway  
  133  8:24  Probe  
  142  8:31  Zealot x4  
  150  8:35  Probe x2  
  150  8:37  Assimilator  
  150  8:39  Pylon  
  150  8:41  Assimilator  
  152  8:43  Probe x2  
  152  8:44  Gateway  
  154  8:49  Stalker x4  
  154  8:54  Stalker x2  
  163  9:00  Pylon  
  163  9:02  Zealot x2  
  162  9:03  Pylon  
  156  9:12  Zealot x2  
  156  9:16  Zealot  
  156  9:17  Zealot x2  
  141  9:27  Probe  
  141  9:28  Probe  
  141  9:31  Zealot x2  
  139  9:42  Zealot x4  
  142  9:47  Pylon  
  142  9:49  Pylon  
Show
View Real Time Build Order
Export as new Build Order

EStoryteller Zerg 

Build Orders: Hatch First 

Get SALT Encoding   

  12  0:00  Drone  
  13  0:12  Overlord  
  13  0:16  Drone  
  14  0:30  Drone x2  
  16  0:48  Drone  
  17  0:54  Hatchery  
  17  0:55  Drone  
  17  0:59  Drone  
  18  1:09  Extractor  
  17  1:15  Spawning Pool  
  17  1:18  Drone  
  17  1:21  Drone  
  18  1:28  Drone  
  19  1:39  Drone  
  20  1:49  Drone  
  21  1:59  Overlord  
  21  2:04  Spore Crawler, Queen  
  21  2:07  Queen, Drone  
  26  2:11  Drone  
  27  2:16  Metabolic Boost  
  27  2:20  Drone  
  28  2:23  Drone  
  28  2:28  Drone  
  30  2:32  Drone  
  31  2:46  Zergling x2  
  31  2:47  Hatchery  
  31  2:51  Zergling x4  
  33  2:58  Overlord  
  33  3:04  Drone  
  33  3:05  Drone  
  33  3:11  Drone  
  34  3:15  Drone x2  
  34  3:16  Drone  
  36  3:21  Drone  
  36  3:22  Spore Crawler  
  36  3:24  Spore Crawler  
  35  3:27  Drone  
  35  3:31  Overlord  
  35  3:32  Drone  
  37  3:40  Queen  
  39  3:44  Drone x2  
  40  3:49  Lair  
  40  3:53  Drone x2  
  40  3:55  Drone  
  43  3:57  Drone  
  43  4:00  Drone  
  43  4:01  Drone  
  46  4:03  Drone  
  46  4:05  Drone  
  46  4:07  Drone  
  46  4:09  Drone  
  50  4:13  Spore Crawler  
  50  4:16  Drone x2  
  51  4:17  Drone  
  51  4:21  Drone x2  
  51  4:22  Drone  
  55  4:25  Extractor, Drone  
  55  4:26  Extractor  
  55  4:31  Drone x3  
  57  4:34  Overlord  
  57  4:36  Zergling x2  
  58  4:41  Drone  
  58  4:42  Drone  
  56  4:45  Drone  
  56  4:52  Hydralisk Den, Drone  
  54  4:56  Drone x3  
  54  4:57  Drone  
  54  4:58  Drone  
  54  4:59  Overlord  
  58  5:01  Overlord  
  58  5:04  Overlord  
  58  5:14  Overlord  
  58  5:17  Overseer  
  58  5:23  Muscular Augments, Hydralisk x3  
  58  5:25  Zergling x6  
  58  5:27  Zergling x2  
  68  5:28  Hydralisk  
  68  5:29  Zergling x2  
  68  5:30  Zergling x2  
  68  5:31  Zergling x2  
  68  5:33  Hydralisk  
  68  5:35  Zergling x2  
  76  5:37  Zergling x4  
  76  5:39  Zergling x2  
  76  5:41  Hydralisk  
  76  5:42  Zergling x2  
  82  5:43  Zergling x2  
  82  5:45  Zergling x2  
  82  5:47  Hydralisk  
  86  5:51  Hydralisk  
  86  5:54  Zergling x2  
  89  5:58  Zergling x2  
  89  6:00  Overlord x2  
  89  6:01  Overlord  
  90  6:05  Overlord  
  90  6:07  Overlord  
  90  6:10  Overlord  
  90  6:12  Overlord  
  90  6:13  Overlord  
  90  6:15  Overlord  
  90  6:18  Zergling x4  
  90  6:19  Hydralisk  
  90  6:23  Hydralisk  
  90  6:25  Hydralisk  
  88  6:26  Zergling x2  
  88  6:28  Zergling x2  
  88  6:31  Hydralisk  
  88  6:32  Hydralisk  
  93  6:35  Hydralisk  
  93  6:38  Zergling x6  
  99  6:40  Zergling x2  
  99  6:42  Grooved Spines  
  100  6:47  Hydralisk  
  100  6:49  Drone x3  
  100  6:51  Extractor, Drone  
  100  6:52  Drone  
  106  6:58  Hydralisk  
  106  6:59  Zergling x2  
  109  7:05  Hydralisk  
  109  7:06  Hydralisk  
  109  7:08  Zergling x10  
  108  7:09  Zergling x2  
  108  7:14  Drone  
  110  7:17  Zergling x2  
  110  7:18  Extractor  
  110  7:20  Zergling x2  
  111  7:27  Hydralisk x2  
  111  7:28  Zergling x2  
  116  7:30  Hatchery  
  116  7:34  Hydralisk x2  
  116  7:36  Overlord  
  116  7:38  Drone  
  116  7:43  Drone x2  
  118  7:47  Overlord, Zergling x4  
  118  7:48  Hydralisk  
  122  7:52  Hydralisk  
  122  7:53  Zergling x2  
  122  7:55  Hydralisk  
  122  7:57  Zergling x2  
  128  7:59  Zergling x2  
  128  8:01  Zergling x2  
  128  8:02  Drone  
  128  8:03  Drone  
  132  8:06  Zergling x4  
  129  8:13  Hydralisk x2  
  129  8:15  Zergling x2  
  129  8:17  Zergling x4  
  132  8:20  Hydralisk  
  132  8:21  Hydralisk  
  132  8:25  Overlord  
  130  8:31  Overlord x2, Zergling x2  
  127  8:34  Overlord  
  127  8:36  Zergling x2  
  127  8:37  Zergling x2  
  129  8:43  Hydralisk  
  129  8:44  Hydralisk x2  
  129  8:46  Hydralisk  
  137  8:48  Hydralisk  
  137  8:54  Hydralisk x2  
  142  9:00  Hydralisk  
  142  9:02  Hydralisk  
  143  9:06  Hydralisk x2  
  143  9:09  Hydralisk  
  142  9:10  Hydralisk  
  142  9:14  Hydralisk  
  142  9:15  Hydralisk  
  140  9:17  Zergling x2  
  140  9:21  Hydralisk  
  140  9:23  Zergling x2  
  110  9:25  Zergling x2  
  110  9:28  Zergling x2  
  110  9:30  Zergling x4  
Tags
 
Add a new tag
Caveats
  • Supply blocks, unpowered buildings, or Contaminate may cause inaccurate times.
  • Supply counts are checked every 10 seconds.